Map: Moonlight Madness LE (Void)

Players

SticklerMac

  • Race: Zerg Zerg
  • League: Silver

mazrim - Winner!

  • Race: Protoss Protoss
  • League: Silver

VOD

Have the link to the VOD?

Description

Time

  • Played on: Sept. 13, 2015, 7:08 p.m.
  • Length: 13:41
Show
View Real Time Build Order
Export as new Build Order

SticklerMac Zerg 

Build Orders: Pool First 

Get SALT Encoding   

  12  0:01  Drone  
  13  0:08  Drone  
  13  0:14  Extractor  
  13  0:17  Drone  
  14  0:36  Spawning Pool  
  14  0:38  Drone  
  14  0:46  Overlord  
  14  1:06  Drone x2  
  14  1:07  Drone  
  17  1:31  Hatchery  
  16  1:34  Drone  
  16  1:37  Drone  
  18  1:44  Metabolic Boost  
  18  1:58  Queen  
  20  2:05  Zergling x2  
  20  2:06  Zergling x2  
  22  2:10  Overlord  
  22  2:19  Overlord  
  22  2:39  Hatchery  
  21  2:50  Drone  
  21  2:51  Drone x2  
  24  2:59  Queen  
  24  3:03  Drone  
  27  3:07  Drone  
  28  3:16  Extractor  
  28  3:18  Lair  
  27  3:25  Overlord  
  27  3:32  Drone  
  28  3:38  Queen  
  30  3:51  Drone  
  30  3:53  Queen  
  33  3:59  Drone  
  33  4:00  Drone  
  34  4:11  Zergling x2  
  34  4:12  Zergling x4  
  34  4:13  Zergling x2  
  38  4:23  Zergling x6  
  41  4:27  Drone  
  41  4:28  Drone  
  43  4:34  Drone x2  
  45  4:46  Drone  
  45  4:47  Roach Warren, Drone  
  45  4:52  Spore Crawler  
  45  4:58  Spore Crawler  
  44  5:02  Spore Crawler  
  44  5:03  Drone  
  44  5:05  Drone  
  45  5:08  Drone  
  46  5:15  Drone x3  
  49  5:25  Overlord x2  
  49  5:37  Overlord x2  
  49  5:45  Overseer  
  49  5:58  Drone x3, Spire  
  49  5:59  Drone x4  
  49  6:00  Drone  
  53  6:08  Drone  
  53  6:09  Drone x4  
  58  6:16  Drone x2  
  60  6:22  Extractor  
  60  6:25  Drone x3, Extractor  
  59  6:26  Drone x3  
  59  6:28  Drone  
  59  6:29  Drone  
  59  6:30  Drone  
  67  6:34  Drone x2  
  67  6:35  Drone  
  67  6:36  Drone  
  71  6:49  Overseer  
  71  7:01  Overlord x3, Overseer  
  71  7:02  Overlord  
  71  7:07  Drone x3  
  74  7:26  Extractor  
  74  7:29  Extractor  
  72  7:34  Drone x4  
  72  7:35  Drone x2  
  78  7:37  Mutalisk x6  
  78  7:38  Mutalisk x4  
  78  7:42  Mutalisk x3  
  104  7:49  Infestation Pit  
  103  7:58  Drone x3  
  106  8:01  Overlord x2  
  106  8:02  Overlord  
  106  8:19  Mutalisk x2  
  106  8:20  Mutalisk x4  
  118  8:34  Hive  
  118  8:47  Mutalisk x3  
  119  8:50  Zergling x6  
  119  8:52  Overlord x3  
  119  8:53  Overlord x5  
  120  9:02  Overseer  
  106  9:07  Mutalisk x2  
  106  9:08  Zergling x4  
  106  9:09  Zergling x6  
  72  9:24  Zergling x2  
  72  9:25  Zergling x16  
  77  9:35  Zergling x6  
  77  9:36  Zergling x4  
  74  9:46  Zergling x6  
  67  10:04  Drone  
  67  10:05  Drone x3  
  67  10:07  Drone x5  
  71  10:08  Drone  
  71  10:11  Drone  
  77  10:15  Queen  
  77  10:16  Queen x2  
  83  10:23  Drone x2  
  83  10:24  Drone  
  86  10:34  Zergling x4  
  86  10:35  Zergling x8  
  89  10:41  Zergling x2  
  79  10:54  Zergling x4  
  79  10:55  Zergling x6  
  80  11:01  Mutalisk x2  
  83  11:04  Zergling x4  
  83  11:07  Mutalisk  
  83  11:08  Mutalisk  
  87  11:15  Zergling x4  
  85  11:24  Spore Crawler  
  79  11:28  Spine Crawler  
  76  11:37  Spine Crawler  
  75  11:41  Spine Crawler  
  75  11:43  Spine Crawler  
  75  11:45  Spine Crawler  
  72  11:49  Drone x5, Spine Crawler  
  72  11:50  Drone x7  
  72  11:53  Mutalisk  
  83  11:58  Mutalisk x2, Zergling x2  
  90  12:16  Extractor  
  89  12:25  Drone  
  90  12:30  Drone  
  90  12:31  Drone x2  
  90  12:35  Mutalisk x2  
  90  12:36  Mutalisk x6  
  109  12:42  Zergling x8  
  109  12:43  Zergling x2  
  112  12:49  Zergling x6  
  108  13:04  Zergling x2  
  108  13:05  Zergling x12  
  113  13:10  Zergling x2  
  99  13:18  Zergling x2  
Show
View Real Time Build Order
Export as new Build Order

mazrim Protoss - Winner!

Build Orders: Blink Stalkers, Zealot Archon 

Get SALT Encoding   

  12  0:01  Probe (Chrono Boost)  
  13  0:11  Probe (Chrono Boost)  
  14  0:19  Pylon  
  14  0:22  Probe (Chrono Boost)  
  15  0:30  Assimilator  
  15  0:47  Gateway  
  15  0:50  Pylon  
  15  0:53  Probe (Chrono Boost)  
  16  1:02  Pylon  
  16  1:04  Probe (Chrono Boost)  
  17  1:14  Probe (Chrono Boost)  
  18  1:35  Cybernetics Core  
  18  1:39  Probe (Chrono Boost)  
  19  1:54  Nexus  
  19  2:04  Probe (Chrono Boost), Assimilator  
  20  2:14  Mothership Core (Chrono Boost)  
  20  2:15  Adept  
  24  2:20  Warp Gate  
  24  2:46  Stalker  
  24  2:50  Probe (Chrono Boost)  
  27  2:56  Twilight Council  
  27  3:00  Probe (Chrono Boost)  
  27  3:02  Pylon  
  28  3:07  Probe (Chrono Boost)  
  29  3:16  Probe (Chrono Boost)  
  29  3:17  Probe (Chrono Boost)  
  31  3:26  Probe (Chrono Boost)  
  32  3:33  Blink  
  32  3:36  Probe (Chrono Boost)  
  32  3:39  Gateway  
  33  3:42  Gateway  
  33  3:52  Probe (Chrono Boost)  
  33  3:53  Probe (Chrono Boost)  
  35  4:02  Probe (Chrono Boost)  
  35  4:03  Probe (Chrono Boost)  
  37  4:12  Probe (Chrono Boost)  
  38  4:22  Probe (Chrono Boost)  
  39  4:25  Pylon  
  39  4:26  Dark Shrine  
  39  4:29  Pylon  
  39  4:33  Probe (Chrono Boost)  
  39  4:35  Pylon  
  40  4:43  Probe (Chrono Boost)  
  40  4:44  Stalker  
  43  4:56  Stalker x2  
  43  4:57  Probe (Chrono Boost)  
  48  5:00  Assimilator  
  48  5:03  Assimilator  
  48  5:07  Probe (Chrono Boost)  
  48  5:12  Nexus  
  49  5:15  Sentry  
  49  5:18  Probe (Chrono Boost)  
  52  5:27  Probe (Chrono Boost)  
  52  5:28  Probe (Chrono Boost)  
  53  5:33  Stalker  
  53  5:34  Stalker  
  58  5:38  Probe x2 (Chrono Boost)  
  60  5:44  Stalker  
  60  5:48  Probe (Chrono Boost)  
  63  6:11  Stalker x2  
  65  6:12  Stalker  
  65  6:16  Probe (Chrono Boost)  
  70  6:23  Probe (Chrono Boost)  
  70  6:25  Probe (Chrono Boost)  
  72  6:27  Probe (Chrono Boost)  
  73  6:33  Probe (Chrono Boost)  
  73  6:35  Probe (Chrono Boost)  
  75  6:43  Probe (Chrono Boost)  
  75  6:44  Gateway  
  75  6:45  Probe (Chrono Boost)  
  77  6:48  Gateway  
  77  6:53  Stalker x3  
  83  6:59  Probe x2 (Chrono Boost)  
  85  7:03  Assimilator  
  85  7:07  Assimilator  
  85  7:09  Probe x2 (Chrono Boost)  
  85  7:12  Gateway  
  87  7:21  Pylon  
  87  7:22  Pylon  
  87  7:26  Dark Templar x2  
  87  7:27  Dark Templar  
  93  7:30  Archon  
  93  7:42  Forge  
  93  7:45  Forge  
  93  7:58  Stalker  
  95  8:09  Dark Templar  
  95  8:10  Dark Templar x2  
  101  8:23  Photon Cannon  
  101  8:24  Photon Cannon  
  101  8:26  Photon Cannon  
  101  8:27  Photon Cannon  
  101  8:29  Pylon  
  101  8:30  Pylon  
  101  8:39  Dark Templar  
  99  9:04  Stalker x3  
  95  9:11  Pylon  
  95  9:12  Pylon  
  95  9:14  Pylon  
  95  9:16  Pylon  
  95  9:17  Photon Cannon  
  85  9:19  Photon Cannon  
  85  9:20  Archon  
  85  9:21  Archon  
  63  9:45  Stalker  
  63  9:46  Stalker x3  
  63  9:51  Mothership Core (Chrono Boost), Photon Cannon  
  73  9:56  Photon Cannon  
  73  9:59  Photon Cannon  
  73  10:01  Probe (Chrono Boost), Photon Cannon  
  73  10:06  Photon Cannon  
  72  10:09  Probe (Chrono Boost)  
  72  10:11  Probe (Chrono Boost)  
  74  10:19  Dark Templar x3, Probe (Chrono Boost)  
  74  10:20  Dark Templar  
  83  10:21  Nexus  
  83  10:22  Pylon  
  83  10:26  Pylon  
  83  10:29  Probe (Chrono Boost)  
  83  10:30  Gateway  
  83  10:31  Gateway  
  83  10:35  Gateway  
  84  10:37  Gateway  
  84  10:39  Gateway  
  70  10:52  Stalker  
  70  10:53  Stalker x3  
  75  10:58  Archon  
  75  11:02  Mothership Core (Chrono Boost)  
  76  11:11  Pylon  
  76  11:14  Pylon  
  76  11:15  Photon Cannon  
  76  11:19  Photon Cannon  
  76  11:22  Photon Cannon  
  76  11:23  Photon Cannon  
  76  11:24  Stalker x3  
  76  11:25  Stalker  
  76  11:38  Probe (Chrono Boost)  
  77  11:48  Stalker x5, Probe (Chrono Boost)  
  77  11:49  Stalker x4  
  96  11:54  Archon  
  96  11:58  Probe (Chrono Boost)  
  96  12:08  Probe (Chrono Boost)  
  96  12:13  Dark Templar x4  
  96  12:14  Dark Templar x5  
  115  12:18  Probe (Chrono Boost), Archon x4  
  116  12:29  Probe (Chrono Boost)  
  117  13:06  Stalker  
  117  13:07  Stalker x5  
  117  13:08  Stalker x3  
  113  13:38  Dark Templar x3  
  113  13:39  Dark Templar x3  
  113  13:40  Dark Templar x3  
Tags
 
Add a new tag
Caveats
  • Supply blocks, unpowered buildings, or Contaminate may cause inaccurate times.
  • Supply counts are checked every 10 seconds.